 Dungeon Crawl Stone Soup version 0.20.0-10-g0535bb4 (webtiles) character file.

63 maniacrov the Skirmisher (level 3, -1/33 HPs)
             Began as a Minotaur Fighter on June 5, 2017.
             Slain by an ogre
             ... wielding a +0 giant club
              (17 damage)
             ... on level 3 of the Dungeon.
             The game lasted 00:05:40 (1341 turns).

maniacrov the Skirmisher (Minotaur Fighter)         Turns: 1341, Time: 00:05:42

Health: -1/33      AC:  7    Str: 21    XL:     3   Next: 89%
Magic:  2/2        EV:  7    Int:  5    God:
Gold:   99         SH:  9    Dex:  9    Spells: 2/2 levels left

rFire    . . .     SeeInvis .   m - +1 hand axe (distort)
rCold    . . .     Gourm    .   c - +0 shield
rNeg     . . .     Faith    .   b - +0 scale mail
rPois    .         Spirit   .   (helmet restricted)
rElec    .         Reflect  .   (no cloak)
rCorr    .         Harm     .   (no gloves)
MR       .....                  (no boots)
Stlth    ..........             (no amulet)
Regen    0.2/turn               (no ring)
MPRegen  0.1/turn               (no ring)

@: no status effects
A: retaliatory headbutt, horns 2
a: no special abilities


You were on level 3 of the Dungeon.
You were not hungry.

You visited 1 branch of the dungeon, and saw 3 of its levels.

You collected 99 gold pieces.

Inventory:

Hand Weapons
 a - a +0 war axe
 m - a +1 hand axe of distortion (weapon)
Missiles
 g - 3 javelins (quivered)
Armour
 b - a +0 scale mail (worn)
 c - a +0 shield (worn)
Scrolls
 e - 5 scrolls of identify
 i - 2 scrolls of teleportation {unknown}
 j - a scroll of magic mapping {unknown}
 k - a scroll of recharging {unknown}
 p - 2 scrolls of enchant armour {unknown}
 q - a scroll of noise {unknown}
 r - 3 scrolls of remove curse {unknown}
Potions
 d - a potion of might
 h - a potion of flight {unknown}
 l - a potion of cancellation {unknown}
 n - a potion of berserk rage {unknown}
 o - a potion of agility {unknown}
Comestibles
 f - 3 bread rations


   Skills:
 + Level 4.2 Fighting
 + Level 2.9 Axes
 + Level 1.2 Throwing
 + Level 4.1 Armour
 + Level 0.4 Dodging
 + Level 4.2 Shields


You had 2 spell levels left.
You didn't know any spells.

Dungeon Overview and Level Annotations

Branches:
Dungeon (3/15)

Altars:
Qazlal


Innate Abilities, Weirdness & Mutations

You reflexively headbutt those who attack you in melee.
You have a pair of horns on your head.


Message History

2 jackals come into view.
The jackal barks!
An ogre comes into view. It is wielding a giant club.
The ogre shouts!
Found a stone staircase leading up.
You block the jackal's attack. The jackal barely misses you.
The jackal bites you but does no damage.
You closely miss the jackal. You miss the jackal.
You block the jackal's attack. The jackal bites you.
The jackal bites you but does no damage. x2
You closely miss the jackal. You headbutt the jackal.
You kill the jackal!
You hit the jackal.
The jackal disappears!
You barely miss the ogre. The ogre hits you with a giant club!
You block the ogre's attack.
You hit the ogre.
Space bends around the ogre.
The ogre is moderately wounded.
The ogre hits you with a giant club!
Ouch! That really hurt!
You die...

#..... #.... ##### ##
#.<.. ....## ..#... #...
#.#... #... ####.#..# #..[
#.......# #.## #.....O@#
#.## #.......# #.##
#.....§.# #.## ####.#..#
#.# #[#..# #.#
#h#..####### #.#
#.#..†.....### #.#
#.#....†........ #.#
#.#####.##..############.#


You could see an ogre.

Vanquished Creatures
  2 adders (D:2)
  A gnoll (D:1)
  7 bats
  2 giant cockroaches
  2 goblins
  A hobgoblin (D:1)
  6 jackals
  2 frilled lizards (D:2)
  5 kobolds
  6 rats
34 creatures vanquished.

Notes
Turn   | Place    | Note
-------+----------+-------------------------------------------
     0 | D:1      | maniacrov the Minotaur Fighter began the quest for the Orb.
     0 | D:1      | Reached XP level 1. HP: 19/19 MP: 0/0
   131 | D:1      | Reached XP level 2. HP: 17/27 MP: 1/1
   647 | D:2      | Found a stormy altar of Qazlal.
   790 | D:2      | Reached XP level 3. HP: 32/33 MP: 2/2
  1050 | D:2      | Reached skill level 1 in Throwing
  1336 | D:3      | Noticed an ogre
  1341 | D:3      | Slain by an ogre

Skill      XL: |  1  2  3 |
---------------+----------+-----
Fighting       | 4 |  4.2
Shields        | 4 |  4.2
Throwing       | 1 |  1.2
Armour         | 4 |  4.1
Axes           | |  2.9
Dodging        | |  0.4

Action                   || total
-------------------------++-------
Melee: War axe           ||    23
       Headbutt          ||    10
       Hand axe          ||    55
Throw: Javelin           ||    11
  Use: Scroll            ||     1
  Eat: Royal jelly       ||     2
Armor: Scale mail        ||    55
Dodge: Dodged            ||    19
Block: Shield            ||    63
